 Dungeon Crawl Stone Soup version 0.24-a0-250-g6074511 (webtiles) character file.

Game seed: 11590531262312788913

96 Borgoz the Cutter (level 4, -1/28 HPs)
             Began as a Kobold Gladiator on Apr 14, 2019.
             Succumbed to a kobold's poison
             ... on level 2 of the Dungeon.
             The game lasted 00:02:21 (1336 turns).

Borgoz the Cutter (Kobold Gladiator)                Turns: 1336, Time: 00:02:21

Health: -1/28      AC:  4    Str: 12    XL:     4   Next: 98%
Magic:  4/4        EV: 17    Int:  9    God:
Gold:   80         SH:  0    Dex: 18    Spells: 3/3 levels left

rFire    . . .     SeeInvis .   a - +0 rapier
rCold    . . .     Gourm    .   (shield restricted)
rNeg     . . .     Faith    .   b - +0 leather armour
rPois    .         Spirit   .   c - +0 helmet
rElec    .         Reflect  .   (no cloak)
rCorr    .         Harm     .   (no gloves)
MR       .....                  (no boots)
Stlth    ..........             (no amulet)
HPRegen  0.09/turn              e - +2 ring of dexterity
MPRegen  0.09/turn              h - ring of attention

@: lethally poisoned (-1 -> -26)
A: small, carnivore
a: no special abilities


You were on level 2 of the Dungeon.
You were completely stuffed.

You visited 1 branch of the dungeon, and saw 2 of its levels.

You collected 80 gold pieces.

Inventory:

Hand Weapons
 a - a +0 rapier (weapon)
Missiles
 d - 3 throwing nets (quivered)
Armour
 b - a +0 leather armour (worn)
 c - a +0 helmet (worn)
Jewellery
 e - a +2 ring of dexterity (left hand)
 h - a ring of attention (right hand)
Scrolls
 g - a scroll of enchant armour {unknown}
 j - a scroll of teleportation
 l - a scroll of identify
Potions
 k - a potion of cancellation
Comestibles
 f - 3 rations
 i - a chunk of flesh


   Skills:
 + Level 3.2 Fighting
 + Level 4.9 Short Blades
 - Level 2.1 Throwing
 + Level 1.4 Armour
 + Level 4.5 Dodging


You had 3 spell levels left.
You didn't know any spells.
Your spell library was empty.

Dungeon Overview and Level Annotations

Branches:
Dungeon (2/15)

Altars:


Innate Abilities, Weirdness & Mutations

You are small and have problems with some larger weapons.
You are carnivorous and can eat meat at any time.


Message History

You are more poisoned.
You hit the kobold.
You kill the kobold!
You feel very sick.
* * * LOW HITPOINT WARNING * * *
You feel sick.
The kobold unwields a +0 blowgun.
The kobold wields a +0 club.
The kobold hits you with a +0 club.
* * * LOW HITPOINT WARNING * * *
You hit the kobold.
The kobold is moderately wounded.
* * * LOW HITPOINT WARNING * * *
You feel sick.
Okay, then.
You closely miss the kobold.
The kobold is moderately wounded.
* * * LOW HITPOINT WARNING * * *
You feel sick. The kobold barely misses you.
You puncture the kobold!
You kill the kobold!
You die...

#.. .# .....# #.. .#
#.....# .# ##..#
.#.......
..##....##........
...................
...........(.......
...##....##(.......
..#.##..##(#.......
#.#.#..#@#.#......
.##.#...)#.##......
#.##...(..##.#.....
.#..........#.#....
#............##....
...............#...
.................
..#..............
(.......).........#.
###..#


There were no monsters in sight!

Vanquished Creatures
  5 adders (D:2)
  A worm (D:2)
  4 dart slugs (D:1)
  A leopard gecko (D:1)
  4 bats
  5 hobgoblins
  2 jackals (D:1)
  5 kobolds
  3 frilled lizards
  6 goblins
  5 rats
41 creatures vanquished.

Notes
Turn   | Place    | Note
-------+----------+-------------------------------------------
     0 | D:1      | Borgoz the Kobold Gladiator began the quest for the Orb.
     0 | D:1      | Reached XP level 1. HP: 12/12 MP: 1/1
   210 | D:1      | Reached XP level 2. HP: 18/18 MP: 2/2
   405 | D:1      | Reached XP level 3. HP: 21/22 MP: 3/3
   987 | D:2      | Reached skill level 1 in Armour
  1012 | D:2      | Reached XP level 4. HP: 24/27 MP: 4/4
  1335 | D:2      | HP: 1/28 [poisoned by a kobold]
  1336 | D:2      | Succumbed to a kobold's poison

Levels and vault maps discovered:
D:1:      nicolae_arrival_somewhat_less_tricky_arrival, layout_basic,
          minmay_vboxes
D:2:      layout_rooms, minmay_misc_feat_secret_circle, cheibrodos_gnoll_hut

Skill      XL: |  1  2  3  4 |
---------------+-------------+-----
Dodging        | 4 |  4.5
Armour         | 1 |  1.4
Fighting       | 3 |  3.2
Short Blades   | |  4.9
Throwing       | |  2.1

Action                   |  1- 3 |  4- 6 || total
-------------------------+-------+-------++-------
Melee: Rapier            |    95 |    59 ||   154
  Use: Scroll            |     3 |       ||     3
  Eat: Chunk             |     9 |     1 ||    10
Armor: Leather armour    |    20 |    20 ||    40
Dodge: Dodged            |    72 |    91 ||   163

Table legend:
 A = Non-vault XP
 B = Vault XP
 C = Vault XP percentage of total XP
 D = Non-vault monster count
 E = Vault monster count
 F = Vault count percentage of total count
                 A         B        C        D         E       F
            +---------+---------+-------+---------+---------+-------
      Total |     130 |       8 |   5.8 |      36 |       5 |  12.2
            +---------+---------+-------+---------+---------+-------
        D:1 |      44 |       8 |  15.4 |      21 |       5 |  19.2
        D:2 |      86 |       0 |   0.0 |      15 |       0 |   0.0
            +---------+---------+-------+---------+---------+-------
